 Dungeon Crawl Stone Soup version 0.25-a0-547-g27a0b5d (webtiles) character file.

Game seed: 5529563887041422929, levelgen mode: deterministic

22403 wolfsongas the Impaler (level 13, -4/109 HPs)
             Began as a Merfolk Monk on Feb 22, 2020.
             Was a Priest of Ashenzari.
             Slain by a 13-headed hydra (7 damage)
             ... on level 11 of the Dungeon.
             The game lasted 00:26:50 (14740 turns).

wolfsongas the Impaler (Merfolk Monk)              Turns: 14740, Time: 00:26:51

Health: -4/109     AC: 18    Str: 15    XL:     13   Next: 0%
Magic:  0/13       EV:  8    Int:  9    God:    Ashenzari [***...]
Gold:   620        SH:  0    Dex: 14    Spells: 12/12 levels left

rFire    . . .     SeeInvis +   f - +1 glaive (vorpal)
rCold    . . .     Gourm    .   (shield currently unavailable)
rNeg     . . .     Faith    .   s - +0 plate armour (curse)
rPois    +         Spirit   +   k - +2 helmet (curse)
rElec    .         Reflect  .   l - +0 cloak
rCorr    .         Harm     .   b - +0 pair of gloves
MR       .....                  g - +0 pair of boots (curse)
Stlth    +.........             t - amulet of guardian spirit
HPRegen  0.28/turn              a - ring of poison resistance
MPRegen  0.13/turn              v - ring of stealth

@: no status effects
A: change form in water, swift swim, stealthy swim, icy blue scales 1, clumsy 2,
evolution 1, MP-powered wands
a: Curse Item, Scrying, Renounce Religion


You were on level 11 of the Dungeon.
You worshipped Ashenzari.
Ashenzari was most pleased with you.
You were hungry.

You visited 2 branches of the dungeon, and saw 12 of its levels.

You collected 620 gold pieces.

Inventory:

Hand Weapons
 f - a +1 vorpal glaive (weapon)
Armour
 b - a +0 pair of gloves (worn)
 g - a cursed +0 pair of boots (worn)
 k - a cursed +2 helmet (worn)
 l - a +0 cloak (worn)
 s - a cursed +0 plate armour (worn)
Jewellery
 a - a ring of poison resistance (left hand)
 j - an uncursed ring of protection from cold
 t - an amulet of guardian spirit (around neck)
 v - a ring of stealth (right hand)
Wands
 r - a wand of random effects (52)
 x - a wand of iceblast (3)
Scrolls
 e - 2 scrolls of remove curse
 n - a scroll of fog
 u - 5 scrolls of teleportation
 w - a scroll of vulnerability
 B - a scroll of silence
 C - 4 scrolls of identify
Potions
 d - 3 potions of brilliance
 h - a potion of haste
 i - 3 potions of cancellation
 o - 4 potions of flight
 p - a potion of stabbing
 q - a potion of lignification
Comestibles
 c - 6 rations


   Skills:
 - Level 12.9 Fighting
 * Level 16.6 Polearms
 - Level 12.0 Dodging
 - Level 10.8 Stealth


You had 12 spell levels left.
You didn't know any spells.
Your spell library contained the following spells:

 Spells                   Type           Power        Failure   Level  Hunger
 Animate Skeleton         Necr           N/A          100%        1    ##.....
 Pain                     Necr           #...         100%        1    ##.....
 Summon Small Mammal      Summ           #...         100%        1    ##.....
 Blink                    Tloc           N/A          100%        2    ###....
 Call Imp                 Summ           #.......     100%        2    ###....
 Shroud of Golubria       Chrm/Tloc      #.....       100%        2    ###....
 Call Canine Familiar     Summ           #.......     100%        3    ####...
 Gell's Gravitas          Tloc           #.........   100%        3    ####...
 Lesser Beckoning         Tloc           #.........   100%        3    ####...
 Summon Guardian Golem    Hex/Summ       #.......     100%        3    ####...
 Teleport Other           Tloc           #.......     100%        3    ####...
 Vampiric Draining        Necr           #.........   100%        3    ####...
 Animate Dead             Necr           N/A          100%        4    #####..
 Passage of Golubria      Tloc           N/A          100%        4    #####..
 Summon Ice Beast         Ice/Summ       #.......     100%        4    #####..
 Summon Lightning Spire   Summ/Air       #.......     100%        4    #####..
 Agony                    Necr           #.......     100%        5    ######.


Dungeon Overview and Level Annotations

Branches:
Dungeon (11/15)            Temple (1/1) D:5            Lair (0/6) D:11
    Orc: D:9-12

Altars:
Ashenzari
Cheibriados
Dithmenos
Elyvilon
Fedhas
Gozag
Hepliaklqana
Kikubaaqudgha
Makhleb
Nemelex Xobeh
Okawaru
Qazlal
Ru
Sif Muna
Trog
Uskayaw
Vehumet
Wu Jian
Xom
Yredelemnul
Zin
The Shining One


Innate Abilities, Weirdness & Mutations

You revert to your normal form in water.
You are very nimble and swift while swimming.
You are very stealthy in the water. (Stealth+)
You are partially covered in icy blue scales. (AC +2)
You are very clumsy. (Dex -4)
You evolve.
You expend magic power (3 MP) to strengthen your wands.


Message History

The 12-headed hydra bites you but does no damage.
The 12-headed hydra bites you.
* * * LOW HITPOINT WARNING * * *
You chop one of the 12-headed hydra's heads off!
The 11-headed hydra grows two more!
You hit the 13-headed hydra.
The 13-headed hydra is almost dead.
The 13-headed hydra bites you!
* * * LOW HITPOINT WARNING * * *
The 13-headed hydra bites you.
* * * LOW HITPOINT WARNING * * *
The 13-headed hydra bites you.
* * * LOW HITPOINT WARNING * * *
The 13-headed hydra bites you but does no damage.
The 13-headed hydra bites you.
* * * LOW HITPOINT WARNING * * *
The 13-headed hydra bites you!
* * * LOW HITPOINT WARNING * * *
The 13-headed hydra bites you but does no damage.
The 13-headed hydra bites you!
You die...

##############
###?...........##
*
......D@.........
###.#####.####.#*
, *
*.####...###.###>
* ,
,......../.......
, *
.####...###..##.
* , ........# ,
.^. * *
#.##.##..# , ,. ,
* #. #.##..# ,*
#.##.##..###..


You could see a 13-headed hydra.

Vanquished Creatures
  2 two-headed ogres
  Urug (D:10)
  3 skeletal warriors
  An unseen horror (D:10)
  An ugly thing (D:7)
  A deep elf mage (D:11)
  Maurice (D:11)
  A gargoyle (D:11)
  2 trolls
  Prince Ribbit (D:5)
  2 hippogriffs (D:8)
  22 yaks
  2 wyverns
  5 hungry ghosts
  A soldier ant (D:7)
  A water moccasin (D:9)
  A black bear (D:6)
  2 eyes of draining
  3 ice beasts
  2 sky beasts
  3 orc warriors
  A necrophage (D:11)
  4 phantoms
  2 centaurs
  3 ogres
  A crocodile (D:7)
  5 bullfrogs
  A water moccasin zombie (D:10)
  A wyvern skeleton (D:6)
  A water moccasin skeleton (D:8)
  A scorpion (D:6)
  12 killer bees
  3 crimson imps
  10 hounds
  3 bullfrog skeletons
  3 jellies
  Crazy Yiuf (D:2)
  4 orc priests
  7 orc wizards
  3 iguanas
  7 worker ants
  A killer bee zombie (D:7)
  A hound skeleton (D:8)
  Robin (D:3)
  3 worker ant zombies
  15 adders
  7 gnolls
  2 shadow imps
  An ooze (D:3)
  2 adder zombies (D:6)
  4 adder skeletons
  2 worms (D:2)
  2 dart slugs (D:2)
  9 leopard geckos
  45 orcs
  6 giant cockroaches
  18 goblins
  8 hobgoblins
  3 jackals (D:2)
  5 quokkas
  7 bats
  8 frilled lizards
  6 kobolds
  4 rats (D:1)
291 creatures vanquished.

Notes
Turn   | Place    | Note
-------+----------+-------------------------------------------
     0 | D:1      | wolfsongas the Merfolk Monk began the quest for the Orb.
     0 | D:1      | Reached XP level 1. HP: 18/18 MP: 1/1
   200 | D:1      | Reached skill level 5 in Polearms
   200 | D:1      | Reached XP level 2. HP: 24/24 MP: 2/2
   848 | D:2      | Reached XP level 3. HP: 30/30 MP: 3/3
   956 | D:2      | Reached skill level 6 in Polearms
   956 | D:2      | Reached XP level 4. HP: 25/37 MP: 4/4
  1392 | D:2      | Reached skill level 7 in Polearms
  1434 | D:2      | Reached XP level 5. HP: 32/43 MP: 5/5
  2125 | D:2      | Found a runed translucent door.
  2126 | D:2      | Noticed Crazy Yiuf
  2299 | D:2      | Killed Crazy Yiuf
  2541 | D:3      | Gained mutation: You occasionally shout uncontrollably at
                  | your foes. [potion of mutation]
  2541 | D:3      | Gained mutation: You evolve. [potion of mutation]
  2541 | D:3      | Gained mutation: You expend magic power (3 MP) to
                  | strengthen your wands. [potion of mutation]
  2543 | D:3      | Noticed Robin
  2578 | D:3      | Reached skill level 8 in Polearms
  2592 | D:3      | Killed Robin
  2603 | D:3      | Reached XP level 6. HP: 32/50 MP: 6/6
  2775 | D:3      | Found a snail-covered altar of Cheibriados.
  2777 | D:3      | Found a shimmering blue altar of Sif Muna.
  2853 | D:3      | Reached skill level 5 in Fighting
  3411 | D:4      | Reached skill level 9 in Polearms
  3673 | D:4      | Reached XP level 7. HP: 50/56 MP: 7/7
  3860 | D:4      | Found a white marble altar of Elyvilon.
  4150 | D:4      | Reached skill level 10 in Polearms
  4446 | D:5      | Entered Level 5 of the Dungeon
  4475 | D:5      | Reached skill level 11 in Polearms
  4475 | D:5      | Reached XP level 8. HP: 59/65 MP: 8/8
  4523 | D:5      | Found a staircase to the Ecumenical Temple.
  4560 | Temple   | Entered the Ecumenical Temple
  4686 | Temple   | Became a worshipper of Ashenzari the Shackled
  4686 | Temple   | Reached * piety under Ashenzari
  4686 | Temple   | Reached ** piety under Ashenzari
  4719 | D:5      | Noticed Prince Ribbit
  4729 | D:5      | Killed Prince Ribbit
  4775 | D:5      | Found an opulent altar of Gozag.
  5815 | D:6      | Reached skill level 12 in Polearms
  5961 | D:6      | Found an iron altar of Okawaru.
  6067 | D:6      | Found a shadowy altar of Dithmenos.
  6086 | D:6      | Reached skill level 13 in Polearms
  6392 | D:6      | Reached XP level 9. HP: 72/72 MP: 9/9
  6430 | D:6      | Lost mutation: You occasionally shout uncontrollably at
                  | your foes. [evolution]
  6852 | D:6      | Reached skill level 14 in Polearms
  7025 | D:7      | Reached skill level 5 in Dodging
  7189 | D:7      | Gained mutation: You are clumsy. (Dex -2) [evolution]
  7192 | D:7      | Found a stormy altar of Qazlal.
  7207 | D:7      | Found a basalt altar of Yredelemnul.
  7427 | D:7      | Noticed a cyan ugly thing
  7462 | D:7      | Killed a red ugly thing
  7488 | D:7      | Reached XP level 10. HP: 77/83 MP: 10/10
  7797 | D:7      | Found an ancient bone altar of Kikubaaqudgha.
  8773 | D:8      | Found a bloodstained altar of Trog.
  8937 | D:8      | Reached skill level 10 in Fighting
  9249 | D:8      | Reached skill level 10 in Dodging
  9871 | D:9      | Reached *** piety under Ashenzari
 10132 | D:8      | Gained mutation: You are very clumsy. (Dex -4) [evolution]
 10344 | D:9      | Reached XP level 11. HP: 81/93 MP: 11/11
 11119 | D:9      | Found a glowing golden altar of the Shining One.
 11393 | D:10     | Entered Level 10 of the Dungeon
 11454 | D:10     | Reached skill level 10 in Stealth
 11454 | D:10     | Reached XP level 12. HP: 102/102 MP: 12/12
 11872 | D:10     | Noticed a two-headed ogre
 11882 | D:10     | Killed a two-headed ogre
 11956 | D:10     | Noticed Urug
 12005 | D:10     | Killed Urug
 12005 | D:10     | Reached skill level 15 in Polearms
 12836 | D:11     | Noticed Maurice
 12876 | D:11     | Noticed a two-headed ogre
 12888 | D:11     | Killed a two-headed ogre
 12908 | D:11     | Killed Maurice
 13403 | D:10     | Gained mutation: You are partially covered in icy blue
                  | scales. (AC +2) [evolution]
 13692 | D:10     | Reached skill level 16 in Polearms
 14133 | D:11     | Found a stormy altar of Qazlal.
 14620 | D:11     | Reached XP level 13. HP: 89/109 MP: 13/13
 14740 | D:11     | HP: 3/109 [13-headed hydra (9)]
 14740 | D:11     | Slain by a 13-headed hydra

Levels and vault maps discovered:
D:1:      saegor_arrival_simple_e, layout_loops_ring
D:2:      layout_basic, kennysheep_generic_room_7, uniq_crazy_yiuf_cottage
D:3:      layout_basic, nicolae_overflow_hidden_temple, first_ration, uniq_robin
D:4:      layout_loops_corners, marbit_many_paths
D:5:      layout_loops_corners, nicolae_gozag_cash_rules_everything_around_me,
          minmay_temple_entry_gardened_gates, lemuel_flamethrower_2,
          uniq_prince_ribbit1
D:6:      layout_basic, okawaru_ov_weapons_minmay,
          nicolae_dithmenos_shadow_blocks
D:7:      minmay_the_grid_octo_triangle [minmay_the_grid_octo_checkered,
          minmay_the_grid_octo_prize_big_c, minmay_the_grid_octo_checkerflower],
          layout_layer_cave, chequers_temple_overflow_statue_of_worship
D:8:      layout_gridville, lightli_temple_of_fire, kennysheep_generic_room_8
D:9:      layout_cave_pools, lemuel_doored_altar
D:10:     layout_basic, uniq_urug
D:11:     layout_loops_ring, lair_entry_dummy, hangedman_stone_soup,
          nicolae_qazlal_style_of_elements, uniq_maurice
Temple:   nicolae_temple_hex_pool

Skill      XL: |  1  2  3  4  5  6  7  8  9 10 11 12 |
---------------+-------------------------------------+-----
Polearms       | 5 6 7 8 9 11 13 14 16 | 16.6
Fighting       | 4 5 6 7 9 11 12 | 12.9
Dodging        | 8 11 12 | 12.0
Stealth        | 10 | 10.8

Action                   |  1- 3 |  4- 6 |  7- 9 | 10-12 | 13-15 || total
-------------------------+-------+-------+-------+-------+-------++-------
Melee: Spear             |    94 |   120 |       |       |       ||   214
       Trident           |       |   172 |   465 |   886 |       ||  1523
       Glaive            |       |       |       |    77 |    11 ||    88
Invok: Curse Item        |       |       |     2 |     1 |       ||     3
Evoke: Wand              |       |       |       |     5 |       ||     5
  Use: Scroll            |     8 |     2 |     9 |    10 |       ||    29
       Potion            |       |     6 |     6 |    12 |       ||    24
 Stab: Sleeping          |     8 |       |    17 |     3 |       ||    28
       Invisible         |       |       |    15 |       |       ||    15
  Eat: Chunk             |     3 |    17 |     5 |    13 |       ||    38
       Ration            |       |       |     1 |     7 |       ||     8
Armor: Leather armour    |    13 |     2 |       |       |       ||    15
       Robe              |     1 |       |       |       |       ||     1
       Chain mail        |       |   148 |   169 |   106 |       ||   423
       Plate armour      |       |       |       |   303 |    36 ||   339
       Skin              |       |       |       |    26 |       ||    26
Dodge: Dodged            |    46 |    69 |   113 |   246 |    21 ||   495

Table legend:
 A = Non-vault XP
 B = Vault XP
 C = Vault XP percentage of total XP
 D = Non-vault monster count
 E = Vault monster count
 F = Vault count percentage of total count
                 A         B        C        D         E       F
            +---------+---------+-------+---------+---------+-------
      Total |   17490 |    4110 |  19.0 |     255 |      36 |  12.4
            +---------+---------+-------+---------+---------+-------
        D:1 |      37 |       0 |   0.0 |      22 |       0 |   0.0
        D:2 |     191 |      46 |  19.4 |      28 |       2 |   6.7
        D:3 |     150 |      35 |  18.9 |      26 |      11 |  29.7
        D:4 |     569 |      41 |   6.7 |      19 |       1 |   5.0
        D:5 |     280 |     268 |  48.9 |      17 |       1 |   5.6
        D:6 |    1064 |       0 |   0.0 |      26 |       0 |   0.0
        D:7 |     510 |    1756 |  77.5 |      10 |      15 |  60.0
        D:8 |    4850 |       0 |   0.0 |      44 |       0 |   0.0
        D:9 |    1968 |       0 |   0.0 |      21 |       0 |   0.0
       D:10 |    4741 |     831 |  14.9 |      29 |       1 |   3.3
       D:11 |    3130 |    1133 |  26.6 |      13 |       5 |  27.8
            +---------+---------+-------+---------+---------+-------
